 Dungeon Crawl Stone Soup version 0.29.1-debian-1-gc3f1650bb9 (webtiles) character file.

Game seed: 12297967370642987594

52 jlumianski the Chopper (level 3, -1/27 HPs)
             Began as a Demonspawn Gladiator on Sept 12, 2022.
             Killed from afar by Terence (24 damage)
             ... with a bolt of dispelling energy
             ... on level 2 of the Dungeon.
             The game lasted 00:06:01 (1739 turns).

jlumianski the Chopper (Demonspawn Gladiator)       Turns: 1739, Time: 00:06:02

Health: -1/27      AC:  9    Str: 16    XL:     3   Next: 60%
Magic:  3/3        EV:  7    Int:  9    God:
Gold:   80         SH:  0    Dex: 16    Spells: 2/2 levels left

rFire   . . .      SeeInvis .   a - +0 war axe
rCold   . . .      Faith    .   (no shield)
rNeg    . . .      Spirit   .   k - +0 chain mail
rPois   .          Reflect  .   c - +0 helmet
rElec   .          Harm     .   (no cloak)
rCorr   .          Rampage  .   (no gloves)
Will    .....                   (no boots)
Stlth   ..........              (no amulet)
HPRegen 0.09/turn               o - ring of flight
MPRegen 0.08/turn               (no ring)

@: flying
A: thin skeletal structure 1
a: no special abilities


You were on level 2 of the Dungeon.
You visited 1 branch of the dungeon, and saw 2 of its levels.

You collected 80 gold pieces.

Inventory:

Hand Weapons
 a - a +0 war axe (weapon)
 g - a +0 bardiche
Missiles
 d - 3 throwing nets
 e - a javelin (quivered)
Armour
 b - a +0 leather armour
 c - a +0 helmet (worn)
 k - a +0 chain mail (worn)
Jewellery
 f - an amulet of magic regeneration
 o - a ring of flight (left hand)
Scrolls
 i - a scroll of silence {unknown}
 l - a scroll of poison {unknown}
 m - a scroll of fear {unknown}
 n - a scroll of identify {unknown}
 p - a scroll of torment {unknown}
Potions
 h - a potion of invisibility {unknown}
 j - a potion of curing {unknown}


   Skills:
 + Level 2.2 Fighting
 + Level 3.6 Axes
 + Level 1.8 Throwing
 + Level 0.4 Armour
 + Level 3.1 Dodging


You had 2 spell levels left.
You didn't know any spells.
Your spell library contained the following spells:

 Spells                   Type           Power      Damage    Failure   Level
 Beastly Appendage        Tmut           0%         N/A       100%        1
 Wereblood                Tmut           0%         N/A       100%        2
 Spider Form              Tmut/Pois      0%         N/A       100%        3


Dungeon Overview and Level Annotations

Branches:
Dungeon (2/15)

Altars:

Annotations:
D:2 Terence


Innate Abilities, Weirdness & Mutations

You have a somewhat thin skeletal structure. (Dex +2, Stealth+)


Message History

You barely miss the kobold. The kobold closely misses you. x2
You closely miss the kobold. The kobold barely misses you.
You barely miss the kobold. The kobold hits you but does no damage.
You completely miss the kobold. Your punch misses the kobold.
The kobold closely misses you. The kobold hits you with a +0 club.
You slash the kobold!
You kill the kobold!
You see here a +0 club.
An adder comes into view.
Unknown command.
Throw: javelin
Press: ? - help, Q - select action, (/) - cycle Shift-Dir - straight line, f - adder
Aim: an adder (42% to hit)
You throw a javelin.
The javelin completely misses the adder.
You miss the adder. The adder closely misses you.
You hit the adder.
The adder is severely wounded.
The adder bites you but does no damage. x2
You hit the adder.
The adder is almost dead.
The adder barely misses you. x2
You hit the adder.
You kill the adder!
Found an ivory ring.
e - a javelin
Found a scroll labelled ETSIBUFULE.
o - a ring of flight You fly up into the air.
o - a ring of flight (left hand)
p - a scroll labelled ETSIBUFULE
Found a stone staircase leading up.
Terence the Incautious comes into view.
He is wielding a +0 flail and carrying a wand of quicksilver (10).
Terence shouts!
Terence moves out of view.
Terence zaps a wand.
The bolt of dispelling energy hits you.
Terence zaps a wand.
The bolt of dispelling energy hits you!!
Ouch! That really hurt!
You die...

#.# #<# #.# ##.#####
.... ......#
....##########.....#
...................#
........######.....#
.....##.........@..#
....<.....###..#..##
..........# #..#.@.#
..........###.......#
............##........
..........#........##..
..........###......#
##. ..........# #......
..........# ..


You could see Terence.

Vanquished Creatures
  Robin (D:1)
  An adder (D:2)
  A bat (D:1)
  2 giant cockroaches (D:1)
  11 goblins (D:1)
  5 hobgoblins (D:1)
  3 kobolds
  A ball python (D:1)
  3 frilled lizards
28 creatures vanquished.

Notes
Turn   | Place    | Note
-------+----------+-------------------------------------------
     0 | D:1      | jlumianski the Demonspawn Gladiator began the quest for the
                  | Orb.
     0 | D:1      | Reached XP level 1. HP: 16/16 MP: 1/1
   103 | D:2      | Noticed Robin
   345 | D:1      | Gained mutation: You have a somewhat thin skeletal
                  | structure. (Dex +2, Stealth+) [demonic ancestry]
   345 | D:1      | Reached XP level 2. HP: 14/22 MP: 2/2
   583 | D:1      | Killed Robin
   738 | D:1      | Reached XP level 3. HP: 19/27 MP: 3/3
  1736 | D:2      | Noticed Terence
  1739 | D:2      | Killed from afar by Terence

Illustrated notes

Levels and vault maps discovered:
D:1:      doesnt_arrival_eight_statues, layout_loops_cross, dk_noncrumbling_3,
          dreamdust_wishing_well
D:2:      layout_rooms, amcnicky_mini_pool_small, solitary_fountain,
          nicolae_figureground_sparkle, uniq_robin, uniq_terence

Skill      XL: |  1  2 |
---------------+-------+-----
Dodging        | 3 |  3.1
Axes           | 3 |  3.6
Fighting       | |  2.2
Throwing       | |  1.8
Armour         | |  0.4

Action                   || total
-------------------------++-------
Melee: War axe           ||    81
Throw: Javelin           ||     1
Armor: Leather armour    ||    27
       Chain mail        ||    13
Dodge: Dodged            ||    60
